 Dungeon Crawl Stone Soup version 0.23.2-1-ga50397a6bc (webtiles) character file.

Game seed: 4988861536189172067

1196 Menchi the Fighter (level 8, -22/82 HPs)
             Began as a Naga Fighter on May 16, 2019.
             Annihilated by an ogre
             ... wielding a +0 giant spiked club
              (25 damage)
             ... on level 6 of the Dungeon.
             The game lasted 00:13:04 (5078 turns).

Menchi the Fighter (Naga Fighter)                   Turns: 5078, Time: 00:13:04

Health: -22/82     AC:  7    Str: 25    XL:     8   Next: 44%
Magic:  8/8        EV: 11    Int:  9    God:
Gold:   56         SH:  0    Dex: 12    Spells: 7/7 levels left

rFire    . . .     SeeInvis +   a - +2 hand axe (flame)
rCold    + . .     Gourm    .   (no shield)
rNeg     . . .     Faith    .   z - +1 robe of Insurance {rElec Int+3}
rPois    +         Spirit   .   (helmet restricted)
rElec    +         Reflect  .   e - +1 cloak
rCorr    .         Harm     .   (no gloves)
MR       +....                  (no barding)
Stlth    +.........             (no amulet)
HPRegen  0.23/turn              s - ring of flight
MPRegen  0.11/turn              r - ring of protection from cold

@: mighty, hasted, quick
A: large, horns 1, stinger 1, see invisible, deformed body, dopey 1, poison
resistance, slowness 2, slow metabolism 1, spit poison 1, AC +2
a: Spit Poison, Evoke Flight


You were on level 6 of the Dungeon.
You were not hungry.

You visited 2 branches of the dungeon, and saw 7 of its levels.

You collected 170 gold pieces.
You spent 114 gold pieces at shops.

Inventory:

Hand Weapons
 a - a +2 hand axe of flaming (weapon)
 A - a +1 rapier of draining
Armour
 c - a +0 shield
 e - a +1 cloak (worn)
 m - a scarf of cloud immunity
 z - the +1 robe of Insurance (worn) {rElec Int+3}
   (You bought it in a shop on level 5 of the Dungeon)

   It affects your intelligence (+3).
   It insulates you from electricity.
Jewellery
 p - an uncursed ring of ice
 r - a ring of protection from cold (right hand)
 s - a ring of flight (left hand)
Scrolls
 h - 6 scrolls of teleportation
 i - a scroll of fear
 k - a scroll of immolation
 l - a scroll of blinking
 n - 2 scrolls of identify
 o - a scroll of random uselessness
 q - 4 scrolls of enchant weapon {unknown}
 t - a scroll of amnesia
 u - 3 scrolls of fog
 y - a scroll of magic mapping {unknown}
Potions
 d - 2 potions of might
 g - a potion of flight
 j - 2 potions of lignification
 v - a potion of berserk rage {unknown}
 w - a potion of haste
 x - a potion of brilliance {unknown}
Comestibles
 f - 9 rations


   Skills:
 * Level 8.5 Fighting
   Level 2.0 Polearms
 - Level 2.6 Armour
 + Level 4.4 Dodging
 - Level 2.6 Shields


You had 7 spell levels left.
You didn't know any spells.
Your spell library was empty.

Dungeon Overview and Level Annotations

Branches:
Dungeon (6/15)             Temple (1/1) D:6

Altars:
Ashenzari
Fedhas
Gozag
Sif Muna
Uskayaw
Vehumet
Wu Jian
Xom

Shops:
D:5 [   D:6 !


Innate Abilities, Weirdness & Mutations

You cannot wear boots.
Your serpentine skin is tough. (AC +2)
You have supernaturally acute eyesight. (SInv)
Armour fits poorly on your strangely shaped body.
Your system is resistant to poisons. (rPois)
You cover ground very slowly.
You have a slow metabolism.
You can spit poison.
You have a pair of small horns on your head.
Your tail ends in a poisonous barb.
You are dopey. (Int -2)


Message History

* * * LOW HITPOINT WARNING * * *
Things that are here:
2 arrows; 2 fizzy golden potions You slash the orc wizard!
You burn the orc wizard.
You kill the orc wizard!
You hit the bullfrog. You burn the bullfrog. The bullfrog hits you.
* * * LOW HITPOINT WARNING * * *
The bullfrog hits you but does no damage.
You barely miss the orc. You headbutt the orc.
You kill the orc!
You hit the bullfrog. You burn the bullfrog.
You kill the bullfrog!
You closely miss the orc. You headbutt the orc!
The orc is almost dead.
The orc closely misses you.
You slash the ogre! You burn the ogre.
The ogre is heavily wounded.
You closely miss the orc.
The ogre hits you with a +0 giant spiked club!!
You die...

#########
#.......### #####
##.8.8.8.#.. #...#
#...⌠.⌠..#.#
###.#.###..8.>.8....
#..∩(.......⌠.⌠....#
#.#@#.####.8.8.8...#
..###.Oo#.#
#..........
.......)#.#
#.##......#
..###.#.#.#
#.....#...# #.#.#.#
####..#.... #.....#
###..(.### # #.###
#....### #.# #.####
... #.#


You could see an ogre and an orc.

Vanquished Creatures
  An ogre (D:4)
  3 centaurs
  3 bullfrogs (D:6)
  A scorpion (D:5)
  A bullfrog zombie (D:6)
  An orc priest (D:5)
  A hound (D:4)
  5 orc wizards
  A centaur skeleton (D:5)
  2 iguanas
  5 worker ants
  4 gnolls (D:4)
  5 adders
  A shadow imp (D:4)
  3 worms
  5 leopard geckos
  20 orcs
  3 bats (D:1)
  5 giant cockroaches
  9 goblins
  7 hobgoblins
  9 kobolds
  A ball python (D:4)
  A ball python zombie (D:5)
  4 frilled lizards
  9 rats
110 creatures vanquished.

Notes
Turn   | Place    | Note
-------+----------+-------------------------------------------
     0 | D:1      | Menchi the Naga Fighter began the quest for the Orb.
     0 | D:1      | Reached XP level 1. HP: 21/21 MP: 1/1
   182 | D:1      | Reached XP level 2. HP: 26/28 MP: 2/2
   826 | D:2      | Reached XP level 3. HP: 34/34 MP: 3/3
   958 | D:2      | Gained mutation: Your tail ends in a poisonous barb.
                  | [potion of mutation]
   958 | D:2      | Gained mutation: You are dopey. (Int -2) [potion of
                  | mutation]
   958 | D:2      | Gained mutation: You have a pair of small horns on your
                  | head. [potion of mutation]
  1773 | D:3      | Reached skill level 1 in Dodging
  1818 | D:3      | HP: 1/36 [iguana (7)]
  1820 | D:3      | Reached skill level 4 in Fighting
  1820 | D:3      | Reached XP level 4. HP: 8/44 MP: 4/4
  2448 | D:3      | Found a shattered altar of Ashenzari.
  2594 | D:4      | Reached XP level 5. HP: 43/51 MP: 5/5
  2615 | D:4      | Noticed an ogre
  2623 | D:4      | Reached skill level 5 in Fighting
  2628 | D:4      | HP: 2/52 [ogre/+0 giant club (22)]
  2629 | D:4      | Killed an ogre
  2629 | D:4      | Reached XP level 6. HP: 3/61 MP: 6/6
  3196 | D:4      | Reached skill level 6 in Fighting
  3380 | D:4      | Reached XP level 7. HP: 69/70 MP: 7/7
  3677 | D:5      | Entered Level 5 of the Dungeon
  3989 | D:5      | Reached skill level 7 in Fighting
  4257 | D:5      | Found Netec's Antique Armour Shop.
  4266 | D:5      | Bought a shadowed robe for 114 gold pieces
  4276 | D:5      | Identified the +1 robe of Insurance {rElec Int+3} (You
                  | bought it in a shop on level 5 of the Dungeon)
  4701 | D:6      | Reached XP level 8. HP: 58/81 MP: 8/8
  4752 | D:6      | Reached skill level 8 in Fighting
  5000 | D:6      | Found a staircase to the Ecumenical Temple.
  5033 | Temple   | Entered the Ecumenical Temple
  5052 | D:6      | Found Zaza's Distillery.
  5075 | D:6      | HP: 2/82 [bullfrog (5)]
  5078 | D:6      | Annihilated by an ogre

Skill      XL: |  1  2  3  4  5  6  7  8 |
---------------+-------------------------+-----
Dodging        | 1 2 3 4 |  4.4
Fighting       | 4 5 6 7 8 |  8.5
Polearms       | |  2.0
Armour         | |  2.6
Shields        | |  2.6

Action                   |  1- 3 |  4- 6 |  7- 9 || total
-------------------------+-------+-------+-------++-------
Melee: Trident           |   108 |   105 |       ||   213
       Headbutt          |     2 |    17 |    21 ||    40
       Tailslap          |     2 |    10 |    14 ||    26
       Hand axe          |       |    44 |    86 ||   130
       Rapier            |       |       |     8 ||     8
 Abil: Spit Poison       |     1 |       |       ||     1
  Use: Scroll            |     9 |     2 |       ||    11
       Potion            |     6 |       |     2 ||     8
  Eat: Chunk             |     1 |     5 |     5 ||    11
Armor: Scale mail        |    37 |    58 |    44 ||   139
       Robe              |       |       |    14 ||    14
Dodge: Dodged            |    34 |    60 |    78 ||   172
